 Dungeon Crawl Stone Soup version 0.31-a0-188-g5e087ee2ca (webtiles) character file.

Game seed: 17153271764333201555

3 qw the Shooter (level 1, -1/12 HPs)
             Began as a Deep Elf Hunter on June 23, 2023.
             Slain by a ball python (3 damage)
             ... on level 1 of the Dungeon.
             The game lasted 00:00:02 (110 turns).

qw the Shooter (Deep Elf Hunter)                     Turns: 110, Time: 00:00:03

Health: -1/12      AC:  3    Str:  8    XL:     1   Next: 41%
Magic:  3/3        EV:  9    Int: 13    God:
Gold:   7          SH:  0    Dex: 18    Spells: 0/0 levels left

rFire   . . .        a - +0 shortbow
rCold   . . .        (shield currently unavailable)
rNeg    . . .        c - +0 leather armour
rPois   .            (no helmet)
rElec   .            (no cloak)
rCorr   .            (no gloves)
SInv    .            (no boots)
Will    .....        (no amulet)
Stlth   ++           (no ring)
HPRegen 0.22/turn    (no ring)
MPRegen 0.08/turn

%: no passive effects
@: constricted
A: no striking features
a: no special abilities


You were on level 1 of the Dungeon.
You visited 1 branch of the dungeon, and saw 1 of its levels.

You collected 7 gold pieces.


   Skills:
 - Level 1.5 Fighting
 + Level 5.5 Ranged Weapons
 - Level 2.4 Dodging
 - Level 1.2 Stealth


You couldn't memorise any spells.
You didn't know any spells.
Your spell library was empty.

Inventory:

Hand Weapons
 a - a +0 shortbow (weapon)
Armour
 c - a +0 leather armour (worn)
Scrolls
 b - a scroll of butterflies
 d - a scroll of amnesia {unknown}
Potions
 e - a potion of ambrosia {unknown}

Dungeon Overview and Level Annotations

Branches:
Dungeon (1/15)

Altars:


Message History

The quokka barely misses you.
You shoot an arrow. The arrow closely misses the quokka.
The quokka closely misses you.
You shoot an arrow. The arrow hits the quokka.
The quokka is severely wounded.
The quokka bites you but does no damage.
The quokka bites you.
You shoot an arrow. The arrow closely misses the quokka.
The quokka closely misses you.
You shoot an arrow. The arrow hits the quokka.
You kill the quokka!
Found a stone staircase leading down.
Enter note: You open the door.
There is an open door here.
A goblin and a ball python come into view.
Enter note:
Enter note: You shoot an arrow.
The arrow barely misses the goblin.
The goblin misses you.
You shoot an arrow. The arrow hits the goblin.
The goblin is heavily wounded.
The goblin misses you.
You shoot an arrow. The arrow barely misses the goblin.
The ball python bites you. The ball python grabs you.
The ball python constricts you. The goblin barely misses you.
The ball python bites you. The ball python constricts you.
You shoot an arrow.
The arrow closely misses the ball python.
The goblin barely misses you. The ball python misses you.
The ball python constricts you.
You shoot an arrow.
The arrow barely misses the ball python.
The goblin hits you but does no damage. The ball python closely misses you.
The ball python constricts you. The goblin hits you with a +0 club.
You shoot an arrow.
The arrow hits the ball python but does no damage.
The ball python bites you. The ball python constricts you.
The ball python bites you.
You die...

##...# #....... ###.##
##### #...}..... #..#
....##..(.....}. ##.##
##....#...........
#..###
#.....#...}.......
##...#
#$....#...........
###.#
#.....##.(......}.
#.###Sg...###...}.....
#..##@# ...... ##..#.#
### ###...
#####'#.#..... ####
#........#
#.............
#.......##.###
###.....# .# ##....# #
#....#


You could see a goblin and a ball python.

Vanquished Creatures
  A giant cockroach (D:1)
  A quokka (D:1)
  A ball python (D:1)
3 creatures vanquished.

Notes
Turn   | Place    | Note
-------+----------+-------------------------------------------
     0 | D:1      | qw the Deep Elf Hunter began the quest for the Orb.
     0 | D:1      | Reached XP level 1. HP: 12/12 MP: 3/3
     0 | D:1      | 0 ||| qw: Version: 0.3-a-9-g12657ce
     0 | D:1      | 0 ||| qw: Game counter: 4057
     0 | D:1      | 0 ||| qw: Always use a shield: true
     0 | D:1      | 0 ||| qw: God list: Okawaru
     0 | D:1      | 0 ||| qw: Allow faded altars: false
     0 | D:1      | 0 ||| qw: Do Orc after D:15 true
     0 | D:1      | 0 ||| qw: Do second Lair branch before Depths: true
     0 | D:1      | 0 ||| qw: Lair rune preference: random
     0 | D:1      | 0 ||| qw: Plans: Normal
     0 | D:1      | 0 ||| PLANNING D:1-11
   109 | D:1      | HP: 3/12 [goblin/+0 club (2)]
   110 | D:1      | Slain by a ball python

Levels and vault maps discovered:
D:1:      dpeg_arrival_water_temple_mockup, layout_basic

Action                     || total
---------------------------++-------
   Fire: Shortbow          ||    16
 Armour: Leather armour    ||     3
  Dodge: Dodged            ||     9

Table legend:
 A = Non-vault XP
 B = Vault XP
 C = Vault XP percentage of total XP
 D = Non-vault monster count
 E = Vault monster count
 F = Vault count percentage of total count
                 A         B        C        D         E       F
            +---------+---------+-------+---------+---------+-------
      Total |       5 |       0 |   0.0 |       3 |       0 |   0.0
            +---------+---------+-------+---------+---------+-------
        D:1 |       5 |       0 |   0.0 |       3 |       0 |   0.0
            +---------+---------+-------+---------+---------+-------
